 Dungeon Crawl Stone Soup version 0.31-a0-190-g4feb4907b2 (webtiles) character file.

Game seed: 9153969610386387074

1045 qw the Skirmisher (level 8, -1/44 HPs)
             Began as a Deep Elf Hunter on June 23, 2023.
             Was a Follower of Okawaru.
             Slain by Joseph
             ... wielding a +0 quarterstaff
              (4 damage)
             ... on level 6 of the Dungeon.
             The game lasted 00:01:40 (4614 turns).

qw the Skirmisher (Deep Elf Hunter)                 Turns: 4614, Time: 00:01:41

Health: -1/44      AC:  8    Str: 10    XL:     8   Next: 4%
Magic:  10/13      EV: 14    Int: 15    God:    Okawaru [*.....]
Gold:   263        SH:  0    Dex: 18    Spells: 7/7 levels left

rFire   . . .        Y - +4 orcbow (flame)
rCold   . . .        (shield currently unavailable)
rNeg    . . .        h - +0 ring mail
rPois   .            (no helmet)
rElec   .            f - +0 cloak
rCorr   .            c - +0 pair of gloves
SInv    .            (no boots)
Will    .....        (no amulet)
Stlth   +++          (no ring)
HPRegen 0.27/turn    (no ring)
MPRegen 0.13/turn

%: no passive effects
@: about to teleport, heroic
A: no striking features
a: Renounce Religion, Heroism


You were on level 6 of the Dungeon.
You worshipped Okawaru.
Okawaru was aware of your devotion.
You visited 2 branches of the dungeon, and saw 8 of its levels.

You collected 463 gold pieces.
You spent 200 gold pieces at shops.


   Skills:
 - Level 2.0(7.0) Fighting
 + Level 11.7(16.7) Ranged Weapons
 - Level 1.0(6.0) Armour
 - Level 3.1(8.1) Dodging
 - Level 1.2(6.2) Stealth
 - Level 4.0 Invocations


You had 7 spell levels left.
You didn't know any spells.
Your spell library was empty.

Inventory:

Hand Weapons
 Y - a +4 orcbow of flaming (weapon)
Armour
 c - a +0 pair of gloves (worn)
 f - a +0 cloak (worn)
 h - a +0 ring mail (worn)
Scrolls
 o - a scroll of identify
Potions
 b - a potion of haste
 d - 4 potions of curing
 e - a potion of mutation {unknown}
 i - a potion of magic {unknown}
 j - a potion of attraction {unknown}
 n - a potion of heal wounds {unknown}

Dungeon Overview and Level Annotations

Branches:
Dungeon (7/15)             Temple (1/1) D:4

Altars:
Ashenzari
Cheibriados
Dithmenos
Elyvilon
Fedhas
Gozag
Kikubaaqudgha
Makhleb
Nemelex Xobeh
Okawaru
Qazlal
Ru
Sif Muna
Uskayaw
Vehumet
Wu Jian
Xom
Yredelemnul
Zin
The Shining One

Shops:
D:3 (

Annotations:
D:6 Joseph


Message History

You kill the gnoll!
Okawaru accepts your kill.
Your Invocations skill increases to level 4!
There are monsters nearby!
You shoot an arrow. The arrow hits the wyvern!
The arrow burns the wyvern.
The wyvern is moderately wounded.
You shoot an arrow. The arrow hits the wyvern!
The arrow burns the wyvern!
You kill the wyvern!
Okawaru accepts your kill.
You have reached level 8!
You feel clever.
You shoot an arrow. The arrow hits the gnoll!
The arrow burns the gnoll.
The gnoll is severely wounded.
You shoot an arrow. The arrow hits the gnoll!!
The arrow burns the gnoll.
You kill the gnoll!
Okawaru accepts your kill.
Joseph is nearby!
You shoot an arrow. The arrow barely misses Joseph.
Joseph says, "I've waited for this moment for such a long time."
You shoot an arrow. The arrow hits Joseph.
The arrow burns Joseph.
Joseph is lightly wounded.
Joseph zaps a wand.
The bolt of dispelling energy hits you!
4609 ||| STAIRDANCE Joseph zaps a wand.
The bolt of dispelling energy hits you!
You climb upwards.
There is a stone staircase leading down here.
4611 ||| INVOKING Heroism.
You gain the combat prowess of a mighty hero.
Joseph hits you with a +0 quarterstaff.
You shoot an arrow. The arrow closely misses Joseph.
Joseph zaps a wand.
The bolt of dispelling energy misses you.
The now-empty wand crumbles to dust.
You shoot an arrow. The arrow hits Joseph.
The arrow burns Joseph.
Joseph is lightly wounded.
Joseph hits you with a +0 quarterstaff!
4614 ||| READING scroll of teleportation.
As you read the scroll of teleportation, it crumbles to dust.
You feel strangely unstable. Joseph hits you with a +0 quarterstaff.
You die...

......# #.#......\....#.#####.###
.####.# #.#.#+#.....#.#..........
.####.# #.#+#......##.#######.###
...##'###.............# #.##.
......................# #.##.
......................# ##....
..........######'####.# #...#.
.......<...# #@# #.# #...#.
...........# #@# #.######...#.
#..........# #(# #..........+.
+..........# #.#####......####.
#.......<).#####.#########..####.
'........))........#.....#.......
#.......)#########.#.777.#.......
#...........# #.'.7...#.......
#####.......# #.'.7._.#.......
#####.......######.'.7...#..#####


You could see Joseph.

Vanquished Creatures
  A wyvern (D:7)
  A black bear (D:6)
  2 ogres
  3 scorpions (D:5)
  A jelly (D:6)
  A hound (D:4)
  2 orc priests
  A sleepcap (D:5)
  2 iguanas (D:5)
  2 orc wizards
  3 gnolls (D:7)
  6 adders
  2 river rats (D:4)
  5 worms
  5 dart slugs
  9 orcs
  9 ball pythons
  6 endoplasms
  5 giant cockroaches
  3 goblins
  6 hobgoblins
  3 jackals (D:3)
  4 quokkas
  3 bats (D:2)
  7 frilled lizards
  6 kobolds
  6 rats
104 creatures vanquished.

Notes
Turn   | Place    | Note
-------+----------+-------------------------------------------
     0 | D:1      | qw the Deep Elf Hunter began the quest for the Orb.
     0 | D:1      | Reached XP level 1. HP: 12/12 MP: 3/3
     0 | D:1      | 0 ||| qw: Version: 0.3-a-9-g12657ce
     0 | D:1      | 0 ||| qw: Game counter: 4477
     0 | D:1      | 0 ||| qw: Always use a shield: true
     0 | D:1      | 0 ||| qw: God list: Okawaru
     0 | D:1      | 0 ||| qw: Allow faded altars: false
     0 | D:1      | 0 ||| qw: Do Orc after D:15 true
     0 | D:1      | 0 ||| qw: Do second Lair branch before Depths: true
     0 | D:1      | 0 ||| qw: Lair rune preference: random
     0 | D:1      | 0 ||| qw: Plans: Normal
     0 | D:1      | 0 ||| PLANNING D:1-11
   115 | D:1      | Reached XP level 2. HP: 16/16 MP: 4/4
   155 | D:1      | Reached skill level 6 in Ranged Weapons
   255 | D:1      | Reached XP level 3. HP: 20/20 MP: 5/5
   584 | D:1      | 584 ||| UPGRADING to +0 cloak.
   589 | D:1      | 589 ||| UPGRADING to +0 ring mail.
   599 | D:1      | 599 ||| DROPPING +0 leather armour.
   600 | D:1      | 600 ||| READING scroll labelled HEKIBRUCUE.
   701 | D:1      | 701 ||| DRINKING 3 smoky purple potions.
   702 | D:1      | 702 ||| DROPPING scroll of butterflies.
   843 | D:2      | Reached skill level 7 in Ranged Weapons
   928 | D:2      | 928 ||| FLEEEEING.
   953 | D:2      | Identified the +4 short sword "Demonbane" {freeze, Fly rN+
                  | Will+ Int+3}
  1157 | D:2      | 1157 ||| READING scroll labelled MUEZINKIMUC.
  1158 | D:2      | 1158 ||| READING scroll labelled BUNUSACLUSCH.
  1159 | D:2      | 1159 ||| READING scroll labelled SEUSYI BUNAF.
  1218 | D:3      | Reached XP level 4. HP: 25/25 MP: 6/6
  1315 | D:3      | Found Wootel's Antique Weapon Emporium.
  1323 | D:3      | 1323 ||| BUYING runed orcbow (110 gold).
  1323 | D:3      | Bought a runed orcbow for 110 gold pieces
  1323 | D:3      | 1323 ||| SWAPPING to +4 orcbow of flaming.
  1324 | D:3      | 1324 ||| DROPPING +1 shortbow.
  1592 | D:3      | Found a faded altar of an unknown god.
  1830 | D:3      | 1830 ||| UPGRADING to +0 pair of gloves.
  1837 | D:4      | 1837 ||| PLANNING SEWER
  1846 | D:4      | Noticed an ogre
  1849 | D:4      | Killed an ogre
  1850 | D:4      | Reached skill level 8 in Ranged Weapons
  1850 | D:4      | Reached XP level 5. HP: 29/29 MP: 7/7
  1858 | D:4      | Found a staircase to the Ecumenical Temple.
  1952 | D:4      | Reached skill level 9 in Ranged Weapons
  1978 | D:4      | Found a white marble altar of Elyvilon.
  2532 | D:4      | 2532 ||| RIP SEWER
  2545 | D:4      | 2545 ||| PLANNING TEMPLE
  2545 | D:4      | 2545 ||| DROPPING +0 robe of willpower.
  2546 | D:4      | 2546 ||| READING scroll labelled KIBIZEU BAYMOSH.
  2549 | D:4      | 2549 ||| READING scroll labelled QITHRI LOPLAGUA.
  2550 | D:4      | 2550 ||| READING scroll labelled WAIGOQ KOJY.
  2551 | D:4      | 2551 ||| READING 2 scrolls labelled SIGOTT JEUNU.
  2552 | D:4      | 2552 ||| DROPPING scroll of fog.
  2564 | Temple   | Entered the Ecumenical Temple
  2565 | Temple   | 2565 ||| PLANNING OKAWARU WORSHIP
  2572 | Temple   | Became a worshipper of Warmaster Okawaru
  2573 | Temple   | 2573 ||| PLANNING D:1-11
  2634 | D:4      | 2634 ||| Stepping ~*~*~tactically~*~*~ (water).
  2838 | D:5      | Entered Level 5 of the Dungeon
  2846 | D:5      | Reached skill level 1 in Armour
  2882 | D:5      | Reached XP level 6. HP: 35/35 MP: 8/8
  3099 | D:5      | 3099 ||| FLEEEEING.
  3100 | D:5      | 3100 ||| FLEEEEING.
  3102 | D:5      | 3102 ||| FLEEEEING.
  3103 | D:5      | 3103 ||| FLEEEEING.
  3104 | D:5      | 3104 ||| FLEEEEING.
  3115 | D:5      | 3115 ||| FLEEEEING.
  3116 | D:5      | 3116 ||| FLEEEEING.
  3117 | D:5      | 3117 ||| FLEEEEING.
  3118 | D:5      | 3118 ||| FLEEEEING.
  3119 | D:5      | 3119 ||| FLEEEEING.
  3120 | D:5      | 3120 ||| FLEEEEING.
  3121 | D:5      | 3121 ||| FLEEEEING.
  3122 | D:5      | 3122 ||| FLEEEEING.
  3123 | D:5      | 3123 ||| FLEEEEING.
  3124 | D:5      | 3124 ||| FLEEEEING.
  3125 | D:5      | 3125 ||| FLEEEEING.
  3126 | D:5      | 3126 ||| FLEEEEING.
  3127 | D:5      | 3127 ||| FLEEEEING.
  3132 | D:5      | 3132 ||| FLEEEEING.
  3133 | D:5      | 3133 ||| FLEEEEING.
  3135 | D:5      | Reached skill level 10 in Ranged Weapons
  3160 | D:5      | Reached * piety under Okawaru
  3177 | D:5      | Reached skill level 3 in Dodging
  3177 | D:5      | Reached skill level 1 in Invocations
  3178 | D:5      | Found a hide-covered altar of Uskayaw.
  3441 | D:5      | Reached XP level 7. HP: 40/40 MP: 10/10
  3645 | D:5      | 3645 ||| INVOKING Heroism.
  3675 | D:5      | 3675 ||| READING scroll labelled UTHRUL REGHOQA.
  3676 | D:5      | 3676 ||| READING scroll labelled YMO KAPPINYOS.
  3677 | D:5      | 3677 ||| READING scroll labelled MIJ NUNOPEANI.
  3678 | D:5      | 3678 ||| READING 4 scrolls of identify.
  3678 | D:5      | 3678 ||| IDENTIFYING black potion
  3679 | D:5      | 3679 ||| READING 3 scrolls of identify.
  3679 | D:5      | 3679 ||| IDENTIFYING ruby potion
  3680 | D:5      | 3680 ||| READING 2 scrolls of identify.
  3680 | D:5      | 3680 ||| IDENTIFYING fuming black potion
  3681 | D:5      | 3681 ||| DROPPING potion of degeneration.
  3682 | D:5      | 3682 ||| DROPPING potion of lignification.
  3684 | D:5      | 3684 ||| Stepping ~*~*~tactically~*~*~ (cloud).
  3823 | D:6      | Found a shimmering blue altar of Sif Muna.
  3906 | D:6      | Found a sacrificial altar of Ru.
  3979 | D:6      | 3979 ||| INVOKING Heroism.
  3982 | D:6      | Reached skill level 3 in Invocations
  3998 | D:6      | Reached skill level 11 in Ranged Weapons
  4399 | D:6      | Found Zin's Purification Station.
  4400 | D:6      | Found a glowing silver altar of Zin.
  4407 | D:6      | 4407 ||| BUYING potion of curing (90 gold).
  4407 | D:6      | Bought a potion of curing for 90 gold pieces
  4545 | D:6      | 4545 ||| READING scroll labelled OCAOHUECAEMM.
  4564 | D:7      | Noticed Joseph
  4569 | D:7      | 4569 ||| STAIRDANCE
  4599 | D:7      | Noticed a wyvern
  4603 | D:7      | Killed a wyvern
  4604 | D:7      | Reached XP level 8. HP: 44/44 MP: 11/13
  4609 | D:7      | 4609 ||| STAIRDANCE
  4611 | D:6      | 4611 ||| INVOKING Heroism.
  4613 | D:6      | HP: 2/44 [Joseph/+0 quarterstaff (15)]
  4614 | D:6      | 4614 ||| READING scroll of teleportation.
  4614 | D:6      | Slain by Joseph

Levels and vault maps discovered:
D:1:      heliophobic_arrival_dark_side_of_the_moon, layout_basic,
          minmay_hexomino_c4
D:2:      layout_basic, minmay_splitting_lines, hex_large,
          chequers_serial_rivers_micro_d
D:3:      layout_basic, serial_shops, shop, shapermc_ecumenical_altar_ellora
D:4:      layout_layer_cave, elyvilon_altar_4, temple_green,
          portal_sewer_entry_e, hex_tiny
D:5:      layout_basic, mainiacjoe_overflow_surrounded_room,
          chequers_serial_rivers_micro_e
D:6:      layout_basic, zin_purify, mainiacjoe_overflow_alcove_4,
          old_standard_altar
D:7:      layout_rooms, serial_shops, shop, uniq_joseph
Temple:   nicolae_temple_no_exploring_needed

Skill      XL: |  1  2  3  4  5  6  7 |
---------------+----------------------+-----
Ranged Weapons | 6 7 8 9 10 11 | 11.7
Fighting       | 2 |  2.0
Armour         | 1 |  1.0
Dodging        | 3 |  3.1
Invocations    | 2 4 |  4.0
Stealth        | |  1.2

Action                     |  1- 3 |  4- 6 |  7- 9 || total
---------------------------+-------+-------+-------++-------
   Fire: Shortbow          |   137 |     2 |       ||   139
         Orcbow            |       |    71 |    39 ||   110
 Invoke: Heroism           |       |       |     3 ||     3
    Use: Scroll            |     4 |     4 |     8 ||    16
         Potion            |     1 |       |       ||     1
 Armour: Ring mail         |    11 |     1 |       ||    12
  Dodge: Dodged            |    31 |     1 |     8 ||    40

Table legend:
 A = Non-vault XP
 B = Vault XP
 C = Vault XP percentage of total XP
 D = Non-vault monster count
 E = Vault monster count
 F = Vault count percentage of total count
                 A         B        C        D         E       F
            +---------+---------+-------+---------+---------+-------
      Total |    1440 |      53 |   3.5 |      89 |      15 |  14.4
            +---------+---------+-------+---------+---------+-------
        D:1 |      37 |      10 |  21.3 |      20 |       6 |  23.1
        D:2 |      42 |       0 |   0.0 |      19 |       0 |   0.0
        D:3 |      22 |       0 |   0.0 |       9 |       0 |   0.0
        D:4 |     188 |      43 |  18.6 |      12 |       9 |  42.9
        D:5 |     589 |       0 |   0.0 |      13 |       0 |   0.0
        D:6 |     313 |       0 |   0.0 |      12 |       0 |   0.0
        D:7 |     249 |       0 |   0.0 |       4 |       0 |   0.0
            +---------+---------+-------+---------+---------+-------
